 Dungeon Sprint DCSS version 0.20.1-1-g8b1a95d (webtiles) character file.

32 KingStallion the Skirmisher (level 3, -6/39 HPs)
             Began as a Gargoyle Berserker on Oct 31, 2017.
             Was a Believer of Trog.
             Mangled by Crazy Yiuf
             ... wielding a +3 quarterstaff of chaos
              (15 damage)
             ... in the Dungeon (Sprint III: "The Ten Rune Challenge").
             The game lasted 00:00:37 (82 turns).

KingStallion the Skirmisher (Gargoyle Berserker)      Turns: 82, Time: 00:00:38

Health: -6/39      AC:  5    Str: 25    XL:     3   Next: 25%
Magic:  0/3        EV: 12    Int:  7    God:    Trog [**....]
Gold:   25         SH:  0    Dex: 10    Spells: 2/2 levels left

rFire    . . .     SeeInvis .   a - +0 mace
rCold    . . .     Gourm    .   (no shield)
rNeg     + . .     Faith    .   b - +0 animal skin
rPois    ∞         Spirit   .   (no helmet)
rElec    +         Reflect  .   (no cloak)
rCorr    .         Harm     .   (no gloves)
MR       ++...     NoTele   +   (no boots)
Stlth    ..........             (no amulet)
Regen    1.2/turn               (no ring)
MPRegen  0.1/turn               (no ring)

@: berserking, regenerating, very quick
A: negative energy resistance 1, electricity resistance, unbreathing,
petrification resistance, rot immunity, AC +3
a: Berserk, Trog's Hand, Burn Spellbooks, Renounce Religion


You were in the Dungeon.
You worshipped Trog.
Trog was pleased with you.
You were not hungry.

You visited 1 branch You collected 25 gold pieces.

Inventory:

Hand Weapons
 a - a +0 mace (weapon)
Armour
 b - a +0 animal skin (worn)
Scrolls
 i - a scroll of blinking
Potions
 d - a potion of curing
 e - a potion of heal wounds
 f - a potion of haste
 g - 2 potions of magic
 h - a potion of berserk rage
Comestibles
 c - a bread ration
 j - a chunk of flesh


   Skills:
 * Level 5.0 Fighting
 * Level 4.7 Maces & Flails
 * Level 2.8 Armour
 + Level 1.7 Dodging
 * Level 1.7 Stealth
 * Level 1.9 Unarmed Combat


You had 2 spell levels left.
You didn't know any spells.

Dungeon Overview and Level Annotations

Branches:
Dungeon (1/1)

Altars:

Annotations:
D Crazy Yiuf


Innate Abilities, Weirdness & Mutations

You are resistant to torment.
Your stone body is resilient. (AC +3)
You are immune to poison.
You resist negative energy. (rN+)
You are resistant to electric shocks. (rElec)
You can survive without breathing.
You are immune to petrification.
You are immune to rotting.


Message History

Crazy Yiuf is severely wounded.
Crazy Yiuf drinks a potion.
Crazy Yiuf is healed!
A red film seems to cover your vision as you go berserk!
You feel yourself moving faster!
You feel mighty!
You feel a lot more hungry.
Crazy Yiuf hits you with a quarterstaff of chaos!
Crazy Yiuf freezes you.
You closely miss Crazy Yiuf. Crazy Yiuf closely misses you.
You barely miss Crazy Yiuf. The human barely misses you.
Crazy Yiuf hits you but does no damage.
You closely miss Crazy Yiuf. The human closely misses you.
You hit Crazy Yiuf.
Crazy Yiuf is moderately wounded.
Crazy Yiuf hits you with a quarterstaff of chaos!
* * * LOW HITPOINT WARNING * * *
You feel your power leaking away.
You barely miss Crazy Yiuf.
Crazy Yiuf is moderately wounded.
The human closely misses you.
Crazy Yiuf hits you with a quarterstaff of chaos!
You die...

▓##.##.##...# ..#
##.##.###..# #..#
▓#.####.##..# ...+
▓.###..##..####...#
▓#.....##..###....#
###..##...##.....#
##..##....#......#
#..###..##.#.pg..#
#..# #..#####@...#
▓▓▓▓ ▓▓▓▓ ▓▓▓▓▓▓


You could see a human and Crazy Yiuf.

Vanquished Creatures
  Jessica (D)
  An ooze (D)
  A rat (D)
3 creatures vanquished.

Vanquished Creatures (others)
  4 hellions (D)
4 creatures vanquished.

Grand Total: 7 creatures vanquished

Notes
Turn   | Place    | Note
-------+----------+-------------------------------------------
     0 | D        | KingStallion the Gargoyle Berserker began the quest for the Orb.
     0 | D        | Reached XP level 1. HP: 14/14 MP: 1/1
    15 | D        | Reached skill level 4 in Fighting
    15 | D        | Reached skill level 1 in Unarmed Combat
    29 | D        | Noticed Jessica
    51 | D        | Killed Jessica
    51 | D        | Reached ** piety under Trog
    51 | D        | Reached skill level 5 in Fighting
    51 | D        | Reached skill level 1 in Stealth
    51 | D        | Reached XP level 2. HP: 10/21 MP: 2/2
    51 | D        | Reached XP level 3. HP: 13/26 MP: 3/3
    71 | D        | Killed a hellion
    71 | D        | Killed a hellion
    73 | D        | Noticed Crazy Yiuf
    81 | D        | Killed a hellion
    82 | D        | Killed a hellion
    82 | D        | Mangled by Crazy Yiuf

Skill      XL: |  1 |
---------------+----+-----
Fighting       | 5 |  5.0
Unarmed Combat | 1 |  1.9
Maces & Flails | 4 |  4.7
Stealth        | 1 |  1.7
Armour         | |  2.8
Dodging        | |  1.7

Action                   || total
-------------------------++-------
Melee: Mace              ||    26
Invok: Berserk           ||     1
       Trog's Hand       ||     1
 Stab: Sleeping          ||     1
Armor: Animal skin       ||     7
Dodge: Dodged            ||    12
